AoeStats
← 76561199137489861

Arena

510280813Analyzed
4v4 RM · 6h ago on Sep 30, 2026· 59m 33s· 8 players
Game mode
Random Map
Map size
Large (8 player)
Population
200
Speed
Normal
Resources
Standard
Victory
Conquest
Starting age
Dark Age
Ending age
Imperial Age
RankedLock teamsTeams togetherTeam positionsShared explorationLock speedFull tech treeHidden civsTurbo modeCheats
Victory
Defeat
🇪🇸 Teutons · Spain
1030
+10
🇪🇸 Persians · Spain
930
+13
🇷🇺 Bengalis · Russia
912
+14
🇪🇸 Varangians · Spain
785
+20
🇭🇰 Huns · Hong Kong SAR China
922
-16
🇨🇳 Danes · China
915
-16
🇮🇳 Spanish · India
886
-15
🇨🇳 Bohemians · China
759
-10
Harvey_Specter
11:53 Feudal Age
18:05 Castle Age
18:17 Horse Collar
18:25 Double-Bit Axe
20:05 Heavy Plow
20:17 Bow Saw
27:47 Stone Mining
29:59 Gold Mining
34:01 Forging
34:04 Scale Barding Armor
34:47 Wheelbarrow
34:28 Husbandry
34:38 Bloodlines
38:11 Imperial Age
35:58 Hand Cart
36:13 Chain Barding Armor
36:29 Iron Casting
35:37 Vendel Legacy
37:22 Scale Mail Armor
38:34 Ballistics
38:10 Murder Holes
38:43 Gambesons
38:44 Arson
39:19 Chain Mail Armor
39:42 Cavalier
41:27 Blast Furnace
41:03 Plate Barding Armor
40:59 Plate Mail Armor
40:02 Elite Varangian Guard
40:11 Gothikon
41:12 Conscription
49:18 Two-Man Saw
52:49 Heavy Scorpion
55:43 Chemistry
54:49 Siege Engineers
57:10 Onager
Karlos
11:12 Feudal Age
14:46 Castle Age
13:05 Double-Bit Axe
15:35 Bow Saw
16:05 Bow Saw
16:40 Stone Mining
17:29 Horse Collar
22:37 Wheelbarrow
23:02 Gold Mining
27:32 Imperial Age
26:04 Gold Shaft Mining
26:07 Heavy Plow
27:16 Hand Cart
27:25 Scale Barding Armor
28:50 Two-Man Saw
28:34 Forging
28:45 Chain Barding Armor
29:51 Iron Casting
31:07 Plate Barding Armor
31:55 Crop Rotation
33:29 Elite Skirmisher
34:47 Ballistics
34:14 Elite War Elephant
35:07 Fletching
35:17 Padded Archer Armor
36:18 Blast Furnace
39:20 Chemistry
38:40 Leather Archer Armor
38:21 Bodkin Arrow
41:36 Cavalier
42:17 Husbandry
42:29 Bloodlines
43:00 Savar
49:55 Caravan
56:22 Coinage
57:44 Caravan
76561199137489861
5:58 Loom
11:15 Feudal Age
12:47 Wheelbarrow
13:35 Double-Bit Axe
14:56 Horse Collar
17:20 Castle Age
17:31 Gold Mining
18:34 Bow Saw
18:27 Heavy Plow
19:51 Stone Mining
24:44 Fletching
25:01 Scale Barding Armor
26:13 Bodkin Arrow
27:39 Chain Barding Armor
30:33 Imperial Age
28:27 Husbandry
28:43 Bloodlines
32:18 Conscription
32:33 Ballistics
31:37 Siege Elephant
33:01 Bracer
34:32 Forging
34:05 Elite Ratha (Ranged)
36:19 Chemistry
35:26 Padded Archer Armor
41:16 Iron Casting
41:43 Paiks
43:50 Blast Furnace
43:10 Leather Archer Armor
44:07 Light Cavalry
45:35 Siege Engineers
46:16 Hand Cart
sepereti
11:01 Feudal Age
15:58 Castle Age
14:13 Double-Bit Axe
14:21 Horse Collar
14:47 Gold Mining
19:56 Loom
22:33 Pikeman
25:17 Padded Archer Armor
27:11 Wheelbarrow
27:41 Bow Saw
27:36 Heavy Plow
33:02 Imperial Age
30:49 Hand Cart
30:41 Stone Mining
31:57 Squires
33:36 Stone Shaft Mining
35:04 Man-at-Arms
37:12 Long Swordsman
37:37 Gambesons
37:54 Two-Handed Swordsman
39:32 Scale Mail Armor
39:42 Forging
40:33 Chain Mail Armor
41:57 Champion
43:19 Plate Mail Armor
45:05 Conscription
44:12 Elite Skirmisher
45:44 Iron Casting
47:08 Crop Rotation
47:45 Two-Man Saw
47:50 Blast Furnace
50:43 Chemistry
50:03 Leather Archer Armor
49:38 Fletching
Tamerlane
10:41 Feudal Age
11:38 Double-Bit Axe
11:37 Horse Collar
14:38 Castle Age
15:40 Bow Saw
19:06 Wheelbarrow
20:45 Heavy Plow
21:44 Stone Mining
22:49 Hand Cart
22:48 Gold Mining
25:44 Forging
25:34 Scale Mail Armor
无语
10:17 Feudal Age
11:22 Double-Bit Axe
14:14 Castle Age
12:15 Horse Collar
16:51 Wheelbarrow
16:34 Bow Saw
19:30 Heavy Plow
22:34 Wheelbarrow
23:21 Loom
27:43 Imperial Age
25:00 Town Watch
26:13 Hand Cart
25:44 Loom
26:00 Town Patrol
27:35 Chemistry
26:56 Ballistics
26:30 Fletching
26:41 Padded Archer Armor
26:03 Pikeman
26:43 Squires
27:19 Bodkin Arrow
27:34 Forging
27:26 Scale Mail Armor
28:23 Ballistics
28:23 Halberdier
30:23 Two-Man Saw
31:39 Two-Man Saw
30:11 Houfnice
31:22 Bracer
31:37 Leather Archer Armor
33:41 Siege Engineers
34:33 Ring Archer Armor
34:14 Forging
34:19 Chain Mail Armor
34:14 Forging
34:48 Conscription
34:34 Wagenburg Tactics
36:10 Elite Hussite Wagon
38:27 Hussite Reforms
38:59 Masonry
39:02 Fortified Wall
39:30 Iron Casting
39:25 Plate Mail Armor
39:31 Iron Casting
41:45 Redemption
41:56 Sanctity
41:51 Fervor
44:51 Capped Ram
48:47 Blast Furnace
Naghadatha
0:32 Loom
12:02 Feudal Age
16:42 Castle Age
15:56 Double-Bit Axe
被吊打成dog
13:18 Feudal Age
18:15 Castle Age
16:09 Double-Bit Axe
21:07 Bow Saw
20:51 Gold Mining
24:59 Loom
26:42 Forging
26:38 Scale Barding Armor
27:40 Horse Collar
28:44 Gold Shaft Mining
30:01 Marauders
32:37 Imperial Age
30:52 Wheelbarrow
31:38 Iron Casting
31:22 Heavy Plow
32:09 Hand Cart
31:45 Town Watch
32:55 Elite Tarkan
33:56 Conscription
35:14 Blast Furnace
34:35 Chain Barding Armor
35:23 Two-Man Saw
35:15 Husbandry
35:27 Bloodlines
37:31 Plate Barding Armor
36:48 Fletching
37:21 Conscription
37:32 Pikeman
38:13 Squires
38:39 Halberdier
40:39 Scale Mail Armor
40:39 Stone Mining
42:05 Chain Mail Armor
42:24 Bodkin Arrow
52:27 Heavy Cavalry Archer
53:34 Parthian Tactics
54:12 Bracer
54:13 Padded Archer Armor
Connection lost

Rejoining the realm…

Still unreachable

The connection could not be restored.

Session expired

The server has moved on; the page needs a fresh start.